 Dungeon Crawl Stone Soup version 0.19.5 (webtiles) character file.

583323 JeffiDaFish the Hoplite (level 27, -1/183 HPs)
             Began as a Gargoyle Fighter on Apr 24, 2017.
             Was the Champion of Okawaru.
             Killed from afar by an orb of fire (48 damage)
             ... with a bolt of fire
             ... on level 1 of the Realm of Zot on Apr 25, 2017.
             The game lasted 02:50:13 (58562 turns).

JeffiDaFish the Hoplite (Gargoyle Fighter)         Turns: 58562, Time: 02:50:14

Health: -1/183     AC: 50    Str: 29    XL:     27
Magic:  43/43      EV: 15    Int: 13    God:    Okawaru [******]
Gold:   7940       SH: 27    Dex: 16    Spells: 1 memorised, 43 levels left

rFire  . . .     SeeInvis +     G - +8 flail of Impatience {vamp, Str+3}
rCold  . . .     Gourm    .     I - +7 crystal plate armour
rNeg   + + +     Faith    .     l - +2 large shield
rPois  ∞         Spirit   .     g - +2 helmet {SInv}
rElec  +         Reflect  .     y - +1 cloak "Jycunt" {Regen+}
rCorr  .         Harm     .     P - +2 pair of gloves {Str+3}
MR     ++++.                    d - +2 pair of boots {Stlth+}
Stlth  ..........               C - amulet of regeneration
                                h - +5 ring of strength
                                K - ring "Suquonlib" {rN++ MR++ MP+9 AC+5}

@: about to teleport, corroded, very slightly contaminated
A: big wings, clumsy 1, low mp 1, negative energy resistance 1, electricity
resistance, weak 1, unbreathing, petrification resistance, rot immunity,
MP-powered wands, AC +20
a: Fly, Heroism, Finesse, Renounce Religion
}: 3/15 runes: barnacled, silver, gossamer


You were on level 1 of the Realm of Zot.
You worshipped Okawaru.
Okawaru was exalted by your worship.
You were not hungry.

You visited 10 branches of the dungeon, and saw 46 of its levels.
You also visited: Labyrinth, Trove, Ossuary and Wizlab.

You collected 8976 gold pieces.
You spent 1036 gold pieces at shops.

Inventory:

Hand Weapons
 G - the +8 flail of Impatience (weapon) {vamp, Str+3}
   (Okawaru gifted it to you on level 3 of the Lair of Beasts)

   It inflicts no extra harm, but heals its wielder when it wounds a living foe.
   It affects your strength (+3).
 L - the +5 demon whip "Spellbinder" {antimagic, MR+}
   (You found it on level 4 of the Shoals)

   It reduces the magical energy of the wielder, and disrupts the spells and
   magical abilities of those hit.
   Natural abilities and divine invocations are not affected.
   It affects your resistance to hostile enchantments.
Armour
 d - a +2 pair of boots of stealth (worn)
 g - a +2 helmet of see invisible (worn)
 l - a +2 large shield (worn)
 y - the +1 cloak "Jycunt" (worn) {Regen+}
   (Okawaru gifted it to you on level 1 of the Elven Halls)

   It increases your rate of regeneration.
 I - a +7 crystal plate armour (worn)
 P - a +2 pair of gloves of strength (worn)
Jewellery
 h - a +5 ring of strength (right hand)
 C - an amulet of regeneration (around neck)
 K - the ring "Suquonlib" (left hand) {rN++ MR++ MP+9 AC+5}
   (You found it on level 12 of the Dungeon)

   [ring of protection]

   It affects your AC (+5).
   It greatly protects you from negative energy.
   It affects your resistance to hostile enchantments.
   It affects your magic capacity (+9).
 O - the ring of Ucses {Int+5 Dex+4}
   (You took it off a vampire knight on level 5 of the Depths)

   [ring of dexterity]

   It affects your intelligence (+5).
   It affects your dexterity (+4).
Wands
 b - a wand of teleportation (3/9)
 Q - a wand of hasting (2/9)
Scrolls
 e - 3 scrolls of summoning
 i - 3 scrolls of fear
 k - 7 scrolls of identify
 n - 12 scrolls of teleportation
 w - 31 scrolls of remove curse
 x - 6 scrolls of fog
 z - 4 scrolls of magic mapping
 A - 3 scrolls of recharging
 J - 2 scrolls of enchant weapon
 R - 2 scrolls of silence
Potions
 c - 2 potions of cancellation
 m - 2 potions of magic
 o - 4 potions of heal wounds
 q - 4 potions of haste
 u - 3 potions of ambrosia
 B - 14 potions of curing
 D - 2 potions of cure mutation
 E - 3 potions of resistance
 M - 2 potions of might
 N - 2 potions of invisibility
 T - 3 potions of agility
Books
 p - the Volume of Domination
   (You found it in a wizard's laboratory)

   Spells                             Type                      Level
   a - Repel Missiles                 Charms/Air                   2
   b - Call Imp                       Summoning                    2
   c - Mephitic Cloud                 Conjuration/Poison/Air       3
   d - Summon Guardian Golem          Hexes/Summoning              3
   e - Summon Forest                  Summoning/Translocation      5
   f - Summon Demon                   Summoning                    5
 t - a book of Power

   Spells                             Type                      Level
   a - Fulminant Prism                Conjuration/Hexes            4
   b - Iskenderun's Mystic Blast      Conjuration                  4
   c - Venom Bolt                     Conjuration/Poison           5
   d - Bolt of Magma                  Conjuration/Fire/Earth       5
   e - Iron Shot                      Conjuration/Earth            6
   f - Orb of Destruction             Conjuration                  7
   g - Spellforged Servitor           Conjuration/Summoning        7
Comestibles
 a - 3 chunks of flesh
 f - 33 bread rations
 j - 19 meat rations
 r - 8 beef jerkies
 s - 8 slices of pizza
 F - 6 royal jellies
 H - 30 fruits


   Skills:
 * Level 21.4 Fighting
 * Level 21.2 Maces & Flails
 * Level 21.0 Armour
 + Level 14.8 Dodging
 - Level 2.2 Stealth
 * Level 22.2 Shields
 + Level 11.7 Spellcasting
 - Level 10.6 Conjurations
 - Level 12.0 Earth Magic


You had 43 spell levels left.
You knew the following spells:

 Your Spells              Type           Power        Failure   Level  Hunger
a - Iron Shot             Conj/Erth      #####.....   99%         6    ######.


Dungeon Overview and Level Annotations

Branches:
Dungeon (15/15)            Temple (1/1) D:5            Lair (6/6) D:9
 Shoals (4/4) Lair:3       Spider (4/4) Lair:3        Slime (0/5) Lair:6
    Orc (2/2) D:12            Elf (3/3) Orc:2        Vaults (5/5) D:13
  Crypt (0/3) Vaults:3     Depths (5/5) D:15            Zot (1/5) Depths:5

Altars:
Ashenzari
Cheibriados
Dithmenos
Elyvilon
Fedhas
Gozag
Hepliaklqana
Kikubaaqudgha
Makhleb
Nemelex Xobeh
Okawaru
Qazlal
Ru
Sif Muna
Trog
Uskayaw
Vehumet
Xom
Yredelemnul
Zin
The Shining One
Jiyva

Shops:
D:8 *   D:13 (   D:15 *:   Orc:2 %}!?[   Elf:1 !**(!   Elf:3 =   Vaults:2 }
Vaults:4 }   Vaults:5 !!%}!%}!?=

Portals:
Hell: Depths:1 Depths:2 Depths:3 Depths:4 Depths:5
Abyss: Depths:4
Pandemonium: Depths:3
Ziggurat: Depths:4

Annotations:
D:5 Prince Ribbit


Innate Abilities, Weirdness & Mutations

You are resistant to torment.
Your stone body is resilient. (AC +20)
You are immune to poison.
Your large and strong wings let you fly indefinitely.
You resist negative energy. (rN+)
You are resistant to electric shocks. (rElec)
You can survive without breathing.
You are immune to petrification.
You are immune to rotting.
You are clumsy. (Dex -2)
Your magical capacity is low. (-10% MP)
You are weak. (Str -2)
You expend magic power (3 MP) to strengthen your wands.


Message History

You start resting.
You hear a distant "Zot"!
The orb of fire glows yellow.
Strange energies course through your body.
You feel clumsy.
The orb of fire glows yellow.
The bolt of fire hits you!
* * * LOW HITPOINT WARNING * * *
The mottled draconian spits sticky flame at you.
You block the splash of liquid fire.
The orb of fire emits a lurid red light.
The bolt of fire hits you!
* * * LOW HITPOINT WARNING * * *
As you read the scroll of teleportation, it crumbles to dust.
You feel strangely unstable.
You feel the Orb delaying your translocation!
You feel much better.
The orb of fire glows deep purple.
The bolt of fire hits you!
You die...

####....##
#........#
#........#
#....>...#
#...*...##
#.......##
#.......d#
#........#
#.$.....@#
##......##
########


You could see an orb of fire and a mottled draconian.

Vanquished Creatures
  Mara (Vaults:5)
  3 ancient liches
  A juggernaut (Depths:3)
  Sojobo (Depths:4)
  Boris (Vaults:3)
  Saint Roka (Vaults:5)
  Margery (Vaults:5)
  Xtahua (Depths:4)
  6 caustic shrikes
  Arachne (Spider:2)
  2 golden dragons
  the Enchantress (Depths:5)
  Jorgrun (Shoals:3)
  A Hellbinder (WizLab)
  9 tentacled monstrosities
  4 liches
  Asterion (Spider:2)
  4 titans
  2 deep elf blademasters (Elf:3)
  3 deep elf master archers
  The ghost of antares the Impaler, an adept MfGl of Elyvilon (Spider:3)
  A kraken (Shoals:2)
  Polyphemus (Shoals:3)
  Frances (Spider:2)
  7 sphinxes
  A sphinx (shapeshifter) (Vaults:5)
  Roxanne (Spider:2)
  10 storm dragons
  Ilsuiw (Shoals:3)
  A revenant (Vaults:3)
  9 tengu reavers
  4 shadow dragons
  14 fire giants
  An iron dragon (Depths:4)
  7 deep elf sorcerers
  2 azure jellies (shapeshifter)
  12 frost giants
  Aizul (Spider:2)
  4 emperor scorpions
  2 orc warlords (Depths:1)
  2 juggernaut zombies (Depths:5)
  A balrug (WizLab)
  A curse skull (Vaults:3)
  5 ghost moths
  9 deep elf elementalists
  A draconian scorcher (Zot:1)
  12 vault wardens
  A cacodemon (WizLab)
  4 spriggan defenders
  5 entropy weavers
  23 stone giants
  19 ironheart preservers
  2 war gargoyles (Vaults:4)
  A draconian caller (Zot:1)
  2 draconian annihilators (Depths:5)
  A caustic shrike skeleton (Depths:5)
  19 very ugly things
  5 deep elf demonologists
  10 vampire knights
  8 spark wasps
  10 deep elf annihilators
  A dire elephant (shapeshifter) (Depths:5)
  5 merfolk javelineers
  An ettin (shapeshifter) (Vaults:5)
  16 ettins
  25 yaktaur captains
  9 deep elf death magi
  Josephine (D:13)
  A blizzard demon (WizLab)
  11 fire dragons
  8 jiangshi
  A minotaur (Lab)
  13 merfolk impalers
  5 great orbs of eyes
  An ice dragon (shapeshifter) (Vaults:3)
  15 ice dragons
  4 deep elf high priests
  31 vault guards
  8 rakshasas
  4 hell beasts (WizLab)
  12 spriggan air magi
  2 hydras
  4 catoblepae
  10 merfolk avatars
  A catoblepas (shapeshifter) (Depths:3)
  10 centaur warriors
  An alligator (shapeshifter) (Depths:2)
  6 merfolk aquamancers
  22 dancing weapons
  3 alligator snapping turtles
  19 ogre magi
  5 satyrs
  13 deep troll earth magi
  3 death knights
  11 deep troll shamans
  A large abomination (Vaults:5)
  3 tengu warriors
  4 death yaks (Shoals:3)
  7 vampire magi
  9 spriggan berserkers
  3 orc high priests (Depths:1)
  2 soul eaters (WizLab)
  A shock serpent (shapeshifter) (Vaults:5)
  19 deep elf knights
  3 sun demons (WizLab)
  2 iron trolls
  5 hell knights
  A shadow wraith (D:13)
  4 skeletal warriors (D:11)
  3 wizards
  A spark wasp zombie (Depths:5)
  5 unseen horrors
  8 sea snakes
  45 deep trolls
  4 flayed ghosts
  6 glowing orange brains
  10 ironbrand convokers
  17 deep elf archers
  An orange crystal statue (D:13)
  10 phantasmal warriors
  A wolf spider zombie (D:14)
  18 orc knights
  A lindwurm (D:13)
  19 orb spiders
  9 hill giants
  49 deep elf magi
  An orb spider (shapeshifter) (Elf:1)
  23 harpies
  3 orc sorcerers
  22 fauns
  26 ugly things
  3 necromancers
  25 wolf spiders
  9 cyclopes
  11 manticores
  3 moths of wrath
  12 sirens
  A salamander (shapeshifter) (Elf:1)
  13 elephants
  23 vault sentinels
  3 black mambas (shapeshifter)
  3 black mambas
  A guardian serpent (shapeshifter) (Depths:2)
  Psyche (D:8)
  2 eyes of devastation (shapeshifter)
  5 water nymphs
  A spiny frog (shapeshifter) (Vaults:3)
  4 gargoyles
  11 spiny frogs
  2 rust devils
  A torpor snail (Spider:1)
  2 orange demons (WizLab)
  7 rime drakes
  6 freezing wraiths
  2 kobold demonologists
  12 demonic crawlers
  The ghost of JeffiDaFish the Covered, a novice GrFi (D:4)
  4 small abominations
  A komodo dragon (shapeshifter) (Depths:5)
  59 yaktaurs
  7 komodo dragons
  2 ice devils
  24 merfolk
  20 trolls
  A red devil (WizLab)
  3 tengu conjurers
  A wind drake (shapeshifter) (Depths:3)
  32 two-headed ogres
  A polar bear (shapeshifter) (Depths:1)
  7 polar bears
  27 jumping spiders
  A two-headed ogre (shapeshifter) (Vaults:4)
  18 blink frogs
  17 hornets
  29 slime creatures
  Grinder (D:4)
  A blink frog (shapeshifter) (Vaults:3)
  10 snapping turtles
  13 hippogriffs
  An ettin zombie (Vaults:4)
  4 dream sheep (Shoals:1)
  A frost giant simulacrum (Vaults:4)
  A ynoxinul (WizLab)
  3 shadows
  2 vampires
  A redback (shapeshifter) (Vaults:1)
  30 spriggans
  63 redbacks
  A centaur simulacrum (D:13)
  25 water elementals
  11 air elementals
  A basilisk (shapeshifter) (D:15)
  4 fire elementals
  25 yaks
  22 tarantellas
  4 wyverns (D:15)
  5 wraiths
  A human (D:7)
  4 basilisks
  3 hogs (D:7)
  A golden eye (shapeshifter) (Depths:4)
  2 hogs (shapeshifter)
  A hungry ghost (D:12)
  5 vampire mosquitoes
  3 mottled dragons
  3 wargs
  A soldier ant (D:12)
  A hell hound (D:15)
  15 water moccasins
  A floating eye (Elf:1)
  15 porcupines
  5 sky beasts
  5 black bears
  32 orc warriors
  2 ice beasts
  18 boggarts
  A sky beast (shapeshifter) (Vaults:4)
  67 ogres
  2 necrophages
  2 phantoms
  20 wolves (Lair:6)
  18 centaurs
  5 crocodiles
  2 big kobolds
  A wyvern zombie (D:14)
  21 bullfrogs
  5 earth elementals
  5 scorpions
  4 wyvern skeletons
  19 killer bees
  6 wights
  An electric eel (Spider:2)
  A howler monkey (D:6)
  6 crimson imps
  A quasit (WizLab)
  A human simulacrum (Vaults:1)
  9 hounds
  7 jellies
  3 human zombies
  6 centaur zombies
  10 orc priests
  5 bullfrog skeletons
  3 centaur skeletons
  7 iguanas
  24 orc wizards
  10 worker ants
  4 big kobold zombies (Ossuary)
  A hound skeleton (D:10)
  2 mummies (Ossuary)
  A howler monkey zombie (D:5)
  3 worker ant zombies
  13 adders
  5 shadow imps
  An ooze (D:5)
  3 adder zombies
  11 worms
  4 dart slugs
  5 leopard geckos
  67 orcs
  12 bats
  5 giant cockroaches
  5 goblins
  3 hobgoblins
  7 jackals
  6 quokkas
  A ball python (D:2)
  4 frilled lizards
  8 hobgoblin zombies (Ossuary)
  3 jackal zombies
  8 kobolds
  6 kobold zombies (Ossuary)
  2 leopard gecko skeletons
  12 orc zombies (Ossuary)
  6 rats
  A crawling corpse (Depths:3)
  4 tentacles (Shoals:2)
2145 creatures vanquished.

Vanquished Creatures (collateral kills)
  Nikola (Elf:2)
  A deep elf demonologist (Elf:3)
  A deep elf high priest (Elf:3)
  10 dancing weapons
  2 deep elf knights (Elf:2)
  A deep elf archer (Elf:1)
  9 deep elf magi
  A small abomination (Elf:3)
  A floating eye (Elf:1)
27 creatures vanquished.

Vanquished Creatures (others)
  2 eldritch tentacles
  An emperor scorpion (Spider:3)
  A very ugly thing (Depths:5)
  A deep elf demonologist (Elf:3)
  2 deep elf annihilators (Elf:3)
  A deep elf knight (Vaults:4)
  A deep elf archer (Elf:1)
  A shadow wraith (Vaults:4)
  4 deep elf magi (Elf:1)
  A wolf spider (Spider:4)
  A redback (Spider:4)
  A warg (Vaults:4)
  A spatial vortex (Elf:1)
  A sky beast (D:11)
  2 ogres
  A boggart (Depths:4)
  An orc wizard (Vaults:5)
  2 ball lightnings
  An orc (Vaults:5)
  A fire vortex (Elf:1)
  5 fungi
  45 plants
  4 tentacles (Shoals:2)
81 creatures vanquished.

Grand Total: 2253 creatures vanquished

Notes
Turn   | Place    | Note
-------+----------+-------------------------------------------
     0 | D:1      | JeffiDaFish the Gargoyle Fighter began the quest for the Orb.
     0 | D:1      | Reached XP level 1. HP: 14/14 MP: 1/1
   378 | D:1      | Reached XP level 2. HP: 18/19 MP: 2/2
   839 | D:2      | Reached XP level 3. HP: 24/24 MP: 3/3
  1220 | D:2      | Found a radiant altar of Vehumet.
  1264 | D:3      | Found a burning altar of Makhleb.
  1273 | D:3      | Found an opulent altar of Gozag.
  1376 | D:3      | Reached XP level 4. HP: 29/29 MP: 4/4
  1402 | D:3      | Reached skill level 4 in Shields
  1517 | D:3      | Found a white marble altar of Elyvilon.
  1895 | D:3      | Found a bloodstained altar of Trog.
  2158 | D:4      | Noticed Grinder
  2176 | D:4      | Paralysed by Grinder for 3 turns
  2180 | D:4      | Killed Grinder
  2180 | D:4      | Reached XP level 5. HP: 26/34 MP: 5/5
  2180 | D:4      | Reached XP level 6. HP: 30/39 MP: 6/6
  2285 | D:4      | Found a sacrificial altar of Ru.
  2387 | D:4      | Reached skill level 5 in Shields
  2410 | D:4      | Reached skill level 1 in Stealth
  2596 | D:4      | Reached XP level 7. HP: 40/44 MP: 7/7
  2648 | D:4      | Reached skill level 1 in Dodging
  2673 | D:4      | Noticed JeffiDaFish's ghost (novice GrFi)
  2684 | D:4      | Killed JeffiDaFish's ghost
  2684 | D:4      | Reached skill level 5 in Maces & Flails
  2753 | D:4      | Reached skill level 6 in Shields
  2970 | D:5      | Entered Level 5 of the Dungeon
  3068 | D:5      | Found a staircase to the Ecumenical Temple.
  3078 | Temple   | Entered the Ecumenical Temple
  3128 | Temple   | Became a worshipper of Warmaster Okawaru
  3287 | D:5      | Reached XP level 8. HP: 42/48 MP: 8/8
  3335 | D:5      | Noticed Prince Ribbit
  4074 | D:6      | Reached skill level 5 in Fighting
  4179 | D:6      | Found a sand-covered staircase.
  4183 | Ossuary  | Entered an ossuary
  4514 | Ossuary  | Reached * piety under Okawaru
  4756 | D:6      | Reached skill level 5 in Armour
  4756 | D:6      | Reached skill level 7 in Shields
  4836 | D:6      | Reached XP level 9. HP: 54/54 MP: 9/9
  5398 | D:6      | Reached ** piety under Okawaru
  5926 | D:7      | Reached skill level 8 in Shields
  6122 | D:7      | Reached *** piety under Okawaru
  6147 | D:7      | Reached XP level 10. HP: 56/61 MP: 10/10
  6302 | D:8      | Noticed Psyche
  6321 | D:8      | Killed Psyche
  6321 | D:8      | Reached skill level 9 in Shields
  6333 | D:8      | Learned a level 6 spell: Iron Shot
  6563 | D:8      | Reached **** piety under Okawaru
  6572 | D:8      | Reached skill level 10 in Maces & Flails
  6905 | D:8      | Found Dotaepid's General Store.
  6970 | D:8      | Reached skill level 10 in Shields
  7626 | D:9      | Reached ***** piety under Okawaru
  7693 | D:9      | Reached XP level 11. HP: 64/67 MP: 11/11
  7800 | D:9      | Received a gift from Okawaru
  7822 | D:9      | Found a staircase to the Lair.
  8558 | D:9      | Reached skill level 11 in Shields
  8771 | Lair:1   | Entered Level 1 of the Lair of Beasts
  9109 | Lair:1   | Reached skill level 1 in Conjurations
  9263 | Lair:1   | Reached skill level 1 in Earth Magic
  9562 | Lair:1   | Reached skill level 1 in Spellcasting
  9774 | D:9      | HP: 2/68 [spiny frog (10)]
 10924 | Lair:3   | Reached XP level 12. HP: 65/75 MP: 14/14
 11001 | Lair:3   | Found a hole to the Spider Nest.
 11039 | Lair:3   | Received a gift from Okawaru
 11050 | Lair:3   | Got a jewelled flail {god gift}
 11065 | Lair:3   | Identified the +8 flail of Impatience {vamp, Str+3} (Okawaru gifted it to you on level 3 of the Lair of Beasts)
 11195 | Lair:3   | Found a staircase to the Shoals.
 11788 | Lair:4   | Reached skill level 12 in Shields
 12077 | Lair:4   | Received a gift from Okawaru
 12347 | Lair:4   | Reached XP level 13. HP: 80/80 MP: 17/17
 13116 | Lair:5   | Reached skill level 5 in Earth Magic
 13635 | Lair:6   | Entered Level 6 of the Lair of Beasts
 13676 | Lair:6   | Reached ****** piety under Okawaru
 13690 | Lair:6   | Reached skill level 10 in Fighting
 14014 | Lair:6   | Received a gift from Okawaru
 14042 | Lair:6   | Found a viscous altar of Jiyva.
 14043 | Lair:6   | Found a staircase to the Slime Pits.
 14401 | Lair:6   | Reached skill level 5 in Conjurations
 15063 | D:10     | Entered Level 10 of the Dungeon
 15877 | D:11     | Gained mutation: Your large and strong wings let you fly indefinitely. [Gargoyle growth]
 15877 | D:11     | Reached XP level 14. HP: 75/88 MP: 20/20
 15959 | D:11     | Received a gift from Okawaru
 15959 | D:11     | Reached skill level 13 in Shields
 15981 | D:11     | Reached skill level 10 in Armour
 16023 | D:11     | Got a twisted demon whip {god gift}
 16082 | D:11     | Identified the +1 demon whip of Onameown {flame, rPois} (Okawaru gifted it to you on level 11 of the Dungeon)
 16250 | D:11     | Found a runed door.
 16407 | D:11     | Reached skill level 5 in Dodging
 16429 | D:11     | Found a runed door.
 16785 | D:12     | Found a staircase to the Orcish Mines.
 16950 | D:12     | Identified a scroll of acquirement
 17066 | D:12     | Found a portal to a secret trove of treasure.
 17505 | D:12     | Got a twitching amber ring
 17506 | D:12     | Identified the ring "Suquonlib" {rN++ MR++ MP+9 AC+5} (You found it on level 12 of the Dungeon)
 17547 | D:13     | Found Jieceir's Antique Weapon Emporium.
 17574 | D:13     | Found a labyrinth entrance.
 17600 | Lab      | Entered a labyrinth
 18782 | D:13     | Noticed Josephine
 18797 | D:13     | Killed Josephine
 18802 | D:13     | Received a gift from Okawaru
 19306 | D:13     | Found a gate to the Vaults.
 19551 | D:14     | Received a gift from Okawaru
 19622 | D:14     | Reached XP level 15. HP: 93/96 MP: 22/22
 20149 | D:15     | Entered Level 15 of the Dungeon
 20196 | D:15     | Reached skill level 5 in Spellcasting
 20346 | D:15     | Found Waza's Book Boutique.
 20348 | D:15     | Found a bloodstained altar of Trog.
 20539 | D:15     | Reached skill level 14 in Shields
 21044 | D:15     | Found a staircase to the Depths.
 21045 | D:15     | Noticed an emperor scorpion
 21045 | D:15     | a six-headed hydra changed into an emperor scorpion
 21053 | D:15     | Received a gift from Okawaru
 21057 | D:15     | an emperor scorpion changed into a death yak
 21064 | D:15     | Noticed an azure jelly
 21064 | D:15     | a death yak changed into an azure jelly
 21068 | D:15     | Killed an azure jelly
 21225 | D:15     | Gained mutation: You have an increased reservoir of magic. (+10% MP) [potion of mutation]
 21225 | D:15     | Gained mutation: You have supernaturally acute eyesight. (SInv) [potion of mutation]
 21225 | D:15     | Lost mutation: You have supernaturally acute eyesight. (SInv) [potion of mutation]
 21262 | D:15     | Found Navebeb's Assorted Antiques.
 21270 | D:15     | Bought a scroll labeled BAITOO OCEFFO for 29 gold pieces
 21409 | Orc:1    | Entered Level 1 of the Orcish Mines
 21655 | Orc:2    | Entered Level 2 of the Orcish Mines
 21656 | Orc:2    | Found a staircase to the Elven Halls.
 21845 | Orc:2    | Found Hazaunad's Antique Armour Boutique.
 21846 | Orc:2    | Found a deep blue altar of Sif Muna.
 21851 | Orc:2    | Bought a runed cloak for 241 gold pieces
 21879 | Orc:2    | Identified Sif Muna's Volume of Good Luck
 21934 | Orc:2    | Found Wipeq's Food Emporium.
 22142 | Orc:2    | Received a gift from Okawaru
 22254 | Orc:2    | Found Kuodady's Gadget Shoppe.
 22258 | Orc:2    | Found Nuot's Distillery.
 22267 | Orc:2    | Found Duepulyl's Magic Scroll Emporium.
 22271 | Orc:2    | Bought a potion of heal wounds for 70 gold pieces
 22295 | Orc:2    | Bought a scroll of enchant armour for 135 gold pieces
 22295 | Orc:2    | Bought a scroll of enchant armour for 135 gold pieces
 22884 | Shoals:1 | Entered Level 1 of the Shoals
 22937 | Shoals:1 | Reached XP level 16. HP: 103/103 MP: 26/26
 24104 | Shoals:2 | Received a gift from Okawaru
 24353 | Shoals:2 | Noticed a kraken
 24382 | Shoals:2 | Killed a kraken
 24806 | Shoals:3 | Noticed Ilsuiw
 24833 | Shoals:3 | Killed Ilsuiw
 25085 | Shoals:3 | Reached skill level 15 in Shields
 25174 | Shoals:3 | Noticed Jorgrun
 25192 | Shoals:3 | Killed Jorgrun
 25515 | Shoals:3 | Noticed Polyphemus
 25542 | Shoals:3 | Killed Polyphemus
 25563 | Shoals:3 | Reached XP level 17. HP: 101/109 MP: 29/29
 26094 | Shoals:4 | Entered Level 4 of the Shoals
 26278 | Shoals:4 | Received a gift from Okawaru
 26308 | Shoals:4 | Identified the +0 pair of gloves of Puel {-Cast rN+ MR+} (Okawaru gifted it to you on level 4 of the Shoals)
 27051 | Shoals:4 | Reached skill level 15 in Maces & Flails
 27246 | Shoals:4 | Got a barnacled rune of Zot
 27542 | Shoals:4 | Received a gift from Okawaru
 27578 | Shoals:4 | Identified the +4 shield "Efazxad" {rF+ MR++} (Okawaru gifted it to you on level 4 of the Shoals)
 27716 | Shoals:4 | Reached skill level 10 in Earth Magic
 27822 | Spider:1 | Entered Level 1 of the Spider Nest
 28384 | Spider:1 | Reached XP level 18. HP: 116/116 MP: 31/31
 29048 | Spider:2 | Noticed Arachne
 29095 | Spider:2 | Killed Arachne
 29095 | Spider:2 | Reached skill level 16 in Shields
 29116 | Spider:2 | Noticed Roxanne
 29212 | Spider:2 | Killed Roxanne
 29213 | Spider:2 | Identified Roxanne's Incunabulum of Clay (You took it off Roxanne on level 2 of the Spider Nest)
 29265 | Spider:2 | Noticed Aizul
 29292 | Spider:2 | Killed Aizul
 29350 | Spider:2 | Noticed Asterion
 29369 | Spider:2 | Killed Asterion
 29393 | Spider:2 | Noticed Frances
 29411 | Spider:2 | Killed Frances
 29935 | Spider:3 | Noticed antares's ghost (adept MfGl)
 29959 | Spider:3 | Killed antares's ghost
 29959 | Spider:3 | Received a gift from Okawaru
 30488 | Spider:4 | Entered Level 4 of the Spider Nest
 31172 | Spider:4 | Reached XP level 19. HP: 118/123 MP: 33/33
 31343 | Spider:4 | Got a gossamer rune of Zot
 32151 | Vaults:1 | Entered Level 1 of the Vaults
 32183 | Vaults:1 | Reached skill level 15 in Fighting
 33121 | Vaults:1 | Received a gift from Okawaru
 33857 | Vaults:2 | Reached skill level 10 in Conjurations
 33987 | Vaults:2 | Reached skill level 10 in Dodging
 34181 | Vaults:2 | Reached skill level 15 in Armour
 34603 | Vaults:2 | Reached skill level 17 in Shields
 34642 | Vaults:2 | Received a gift from Okawaru
 34901 | Vaults:2 | Found Afys's Gadget Shop.
 35158 | Vaults:3 | Reached XP level 20. HP: 130/130 MP: 35/35
 35942 | Vaults:3 | Received a gift from Okawaru
 35943 | Vaults:3 | Noticed Boris
 35966 | Vaults:3 | Killed Boris
 36677 | Vaults:3 | Found a staircase to the Crypt.
 37990 | Vaults:4 | Received a gift from Okawaru
 38018 | Vaults:4 | Identified the +8 flail of Synaap {crush, Dex+6} (Okawaru gifted it to you on level 4 of the Vaults)
 38584 | Vaults:4 | Reached XP level 21. HP: 136/136 MP: 37/37
 38781 | Vaults:4 | Received a gift from Okawaru
 38855 | Vaults:4 | Found Kuh Dosi's Gadget Shop.
 39411 | Vaults:5 | Entered Level 5 of the Vaults
 39421 | Vaults:4 | Reached skill level 18 in Shields
 39976 | Vaults:5 | Noticed Margery
 40348 | Vaults:5 | Killed Margery
 40361 | Vaults:5 | Received a gift from Okawaru
 40479 | Vaults:5 | Noticed a golden dragon
 40512 | Vaults:5 | Noticed an ancient lich
 40548 | Vaults:5 | Killed an ancient lich
 40567 | Vaults:5 | Killed a golden dragon
 40926 | Vaults:5 | Got a silver rune of Zot
 41087 | Vaults:5 | Reached XP level 22. HP: 125/144 MP: 38/38
 41154 | Vaults:5 | Noticed a golden dragon
 41154 | Vaults:5 | a stone giant changed into a golden dragon
 41167 | Vaults:5 | Noticed a caustic shrike
 41167 | Vaults:5 | a golden dragon changed into a caustic shrike
 41175 | Vaults:5 | a caustic shrike changed into an iron giant
 41179 | Vaults:5 | Noticed a caustic shrike
 41179 | Vaults:5 | an iron giant changed into a caustic shrike
 41182 | Vaults:5 | Noticed a juggernaut
 41182 | Vaults:5 | a caustic shrike changed into a juggernaut
 41183 | Vaults:5 | a juggernaut changed into a titan
 41186 | Vaults:5 | Noticed a juggernaut
 41186 | Vaults:5 | a titan changed into a juggernaut
 41190 | Vaults:5 | a juggernaut changed into a hellephant
 41198 | Vaults:5 | Noticed a shard shrike
 41198 | Vaults:5 | a hellephant changed into a shard shrike
 41200 | Vaults:5 | a shard shrike changed into a hellephant
 41207 | Vaults:5 | Noticed a shard shrike
 41207 | Vaults:5 | a titan changed into a shard shrike
 41209 | Vaults:5 | a shard shrike changed into a titan
 41217 | Vaults:5 | Noticed a shard shrike
 41217 | Vaults:5 | a titan changed into a shard shrike
 41218 | Vaults:5 | a shard shrike changed into a hellephant
 41226 | Vaults:5 | Noticed a shard shrike
 41226 | Vaults:5 | a hellephant changed into a shard shrike
 41229 | Vaults:5 | a shard shrike changed into an iron giant
 41243 | Vaults:5 | Noticed a golden dragon
 41243 | Vaults:5 | an acid blob changed into a golden dragon
 41245 | Vaults:5 | a golden dragon changed into an acid blob
 41250 | Vaults:5 | Noticed a caustic shrike
 41250 | Vaults:5 | an iron giant changed into a caustic shrike
 41252 | Vaults:5 | a caustic shrike changed into an iron giant
 41254 | Vaults:5 | Noticed a caustic shrike
 41254 | Vaults:5 | an iron giant changed into a caustic shrike
 41255 | Vaults:5 | a caustic shrike changed into an iron dragon
 41701 | Vaults:5 | Received a gift from Okawaru
 41988 | Vaults:5 | Noticed an ancient lich
 42012 | Vaults:5 | Killed an ancient lich
 42012 | Vaults:5 | Reached skill level 19 in Shields
 42025 | Vaults:5 | Received a gift from Okawaru
 42080 | Vaults:5 | Paralysed by fainting for 5 turns
 42183 | Vaults:5 | Noticed Saint Roka
 42455 | Vaults:5 | Found Etwa's Gadget Shoppe.
 42456 | Vaults:5 | Found Wynaez's Gadget Shop.
 42530 | Vaults:5 | Reached skill level 10 in Spellcasting
 42799 | Vaults:5 | Noticed Mara
 42807 | Vaults:5 | Noticed JeffiDaFish's illusion
 42834 | Vaults:5 | Killed Mara
 42979 | Vaults:5 | Reached XP level 23. HP: 137/152 MP: 40/40
 43409 | Vaults:4 | Received a gift from Okawaru
 43657 | Vaults:5 | Found Verealac's Magic Scroll Shop.
 43675 | Vaults:5 | Found Reitt's Distillery.
 43675 | Vaults:5 | Found Jueruc's Food Shoppe.
 43680 | Vaults:5 | Found Awnasi Ziew's Food Emporium.
 43681 | Vaults:5 | Bought a potion of heal wounds for 85 gold pieces
 43681 | Vaults:5 | Bought a potion of heal wounds for 85 gold pieces
 43712 | Vaults:5 | Found Utwuc's Food Boutique.
 43712 | Vaults:5 | Found Fojailae's Distillery.
 43723 | Vaults:5 | Bought a potion of might for 88 gold pieces
 43723 | Vaults:5 | Bought a potion of might for 88 gold pieces
 43740 | Vaults:5 | Found Fusown's Distillery.
 43803 | Vaults:5 | Found Cimogoo's Distillery.
 43807 | Vaults:5 | Bought a potion of might for 40 gold pieces
 43807 | Vaults:5 | Bought a potion of might for 40 gold pieces
 43961 | Vaults:5 | Found Quaqocs's Jewellery Shop.
 44088 | Vaults:5 | Killed Saint Roka
 44574 | Elf:1    | Entered Level 1 of the Elven Halls
 44836 | Elf:1    | Received a gift from Okawaru
 44961 | Elf:1    | Got a spiked cloak {god gift}
 44972 | Elf:1    | Identified the +1 cloak "Jycunt" {Regen+} (Okawaru gifted it to you on level 1 of the Elven Halls)
 44976 | Elf:1    | Got a serpentine amber ring
 44979 | Elf:1    | Identified the ring "Xuom" {rElec rN+ Slay+3} (You took it off a deep elf archer on level 1 of the Elven Halls)
 45037 | Elf:1    | Found Hoah's Assorted Antiques.
 45040 | Elf:1    | Found Jaetod's Weapon Shoppe.
 45291 | Elf:1    | Was placed under penance by Okawaru
 45544 | Elf:1    | Found Soeven's Assorted Antiques.
 45741 | Elf:1    | Found Ucou's Distillery.
 45937 | Elf:1    | Found Goufif's Distillery.
 46060 | Elf:2    | Was forgiven by Okawaru
 46436 | Elf:2    | Found a runed gate.
 46436 | Elf:2    | Found a runed gate.
 46438 | Elf:2    | Found a runed gate.
 46490 | Elf:2    | Noticed Nikola
 46511 | Elf:2    | Killed Nikola
 46676 | Elf:2    | Received a gift from Okawaru
 46680 | Elf:2    | Reached skill level 20 in Shields
 46901 | Elf:3    | Entered Level 3 of the Elven Halls
 47039 | Elf:3    | Reached XP level 24. HP: 138/159 MP: 16/41
 47387 | Elf:3    | Found Zoagahak's Jewellery Shoppe.
 47453 | Elf:3    | Identified the Incunabulum of Spatial Creation
 47522 | Elf:3    | Got a shimmering glass ring
 47575 | Elf:3    | Identified the ring of the Dropbear {Fire rElec Str+4 SInv} (You found it on level 3 of the Elven Halls)
 48240 | Depths:1 | Entered Level 1 of the Depths
 48250 | Depths:1 | Found a gateway to Hell.
 48322 | Depths:1 | Received a gift from Okawaru
 49833 | Depths:2 | Received a gift from Okawaru
 49962 | Depths:2 | Noticed a caustic shrike
 49974 | Depths:2 | Killed a caustic shrike
 50058 | Depths:2 | Got a heavily runed pewter ring
 50062 | Depths:2 | Identified the ring of the Wary Deaths {+Fly Dex+4 Stlth-} (You took it off a vampire knight on level 2 of the Depths)
 50373 | Depths:2 | Gained mutation: You have a pair of small antennae on your head. [potion of beneficial mutation]
 50374 | Depths:2 | Lost mutation: You have an increased reservoir of magic. (+10% MP) [potion of cure mutation]
 50374 | Depths:2 | Lost mutation: You have a pair of small antennae on your head. [potion of cure mutation]
 50754 | Depths:2 | Reached XP level 25. HP: 166/166 MP: 38/38
 51339 | Depths:3 | Found a magical portal.
 51351 | WizLab   | Entered The Hall of the Hellbinder
 51740 | WizLab   | Found a burning altar of Makhleb.
 51773 | WizLab   | Identified Sif Muna's Incunabulum of the Escort
 51809 | WizLab   | Identified the Volume of Domination
 51814 | WizLab   | Identified the Reference Book on Slavery
 52204 | Depths:3 | Found a one-way gate leading to the halls of Pandemonium.
 52523 | Depths:3 | Received a gift from Okawaru
 53018 | Depths:3 | Noticed a juggernaut
 53035 | Depths:3 | Killed a juggernaut
 53035 | Depths:3 | Reached skill level 21 in Shields
 53608 | D:12     | You paid a toll of a +7 demon trident to enter a treasure trove
 53609 | Trove    | Entered a treasure trove
 53626 | Trove    | Identified the Incunabulum of Ghastly Orientation
 53641 | Trove    | Gained mutation: You are robust. (+10% HP) [potion of beneficial mutation]
 54090 | Depths:3 | Received a gift from Okawaru
 54839 | Depths:4 | Found a one-way gate to the infinite horrors of the Abyss.
 55092 | Depths:4 | Noticed a juggernaut
 55120 | Depths:4 | Paralysed by a floating eye for 4 turns
 55218 | Depths:4 | Noticed Xtahua
 55235 | Depths:4 | Killed Xtahua
 55235 | Depths:4 | Reached XP level 26. HP: 167/192 MP: 38/38
 55681 | Depths:4 | Found a gateway to a ziggurat.
 55701 | Depths:4 | Received a gift from Okawaru
 56328 | Depths:5 | Entered Level 5 of the Depths
 56426 | Depths:5 | Noticed Sojobo
 56505 | Depths:4 | Killed Sojobo
 56676 | Depths:5 | Received a gift from Okawaru
 56689 | Depths:5 | Found a gate to the Realm of Zot.
 56754 | Depths:5 | Noticed the Enchantress
 56772 | Depths:5 | Killed the Enchantress
 56856 | Depths:5 | Received a gift from Okawaru
 56952 | Depths:5 | Identified the +5 faerie dragon scales {rElec Int+3} (You took it off the Enchantress on level 5 of the Depths)
 57357 | Depths:5 | Reached skill level 22 in Shields
 57410 | Depths:5 | Noticed an ancient lich
 57435 | Depths:5 | Killed an ancient lich
 57448 | Depths:5 | Reached XP level 27. HP: 200/200 MP: 38/38
 57598 | Depths:5 | Received a gift from Okawaru
 57637 | Depths:5 | Identified the +8 flail "Jiextomn" {crush, *Drain +Rage rElec} (Okawaru gifted it to you on level 5 of the Depths)
 57672 | Depths:5 | Identified the +2 pair of gloves "Buth" {rN+} (You found it on level 5 of the Depths)
 57868 | Depths:5 | Got a flickering marble ring
 57874 | Depths:5 | Identified the ring of Ucses {Int+5 Dex+4} (You took it off a vampire knight on level 5 of the Depths)
 57975 | Depths:5 | Identified the +4 morningstar of Fiuzeror {venom, *Corrode rElec rN+ Int+4} (You found it on level 5 of the Depths)
 58420 | Zot:1    | Entered Level 1 of the Realm of Zot
 58466 | Zot:1    | Noticed an orb of fire
 58488 | Zot:1    | Gained mutation: Your magical capacity is low. (-10% MP) [an orb of fire]
 58491 | Zot:1    | Gained mutation: You are weak. (Str -2) [an orb of fire]
 58493 | Zot:1    | Lost mutation: You are robust. (+10% HP) [an orb of fire]
 58500 | Zot:1    | Gained mutation: You expend magic power (3 MP) to strengthen your wands. [an orb of fire]
 58558 | Zot:1    | Gained mutation: You are clumsy. (Dex -2) [an orb of fire]
 58562 | Zot:1    | Killed from afar by an orb of fire

Skill      XL: |  1  2  3  4  5  6  7  8  9 10 11 12 13 14 15 16 17 18 19 20 21 22 23 24 25 26 27 |
---------------+----------------------------------------------------------------------------------+-----
Shields        | 4 5 6 7 8 10 11 12 13 14 15 16 17 18 19 20 21 22 | 22.2
Fighting       | 4 5 6 7 8 9 10 11 12 13 14 15 16 17 18 19 20 21 | 21.4
Maces & Flails | 4 5 7 9 10 11 12 13 14 15 16 17 18 19 20 21 | 21.2
Armour         | 4 5 6 7 8 9 10 11 12 13 14 15 16 17 18 19 20 21 | 21.0
Stealth        | 1 2 |  2.2
Dodging        | 1 2 3 4 5 6 7 9 10 11 12 13 14 | 14.8
Conjurations   | 2 4 5 6 7 8 9 10 | 10.6
Earth Magic    | 2 4 5 7 8 9 10 11 12 | 12.0
Spellcasting   | 1 3 4 5 6 7 8 9 10 11 | 11.7

Action                   |  1- 3 |  4- 6 |  7- 9 | 10-12 | 13-15 | 16-18 | 19-21 | 22-24 | 25-27 || total
-------------------------+-------+-------+-------+-------+-------+-------+-------+-------+-------++-------
Melee: Flail             |   120 |   110 |   243 |   330 |  2449 |  2592 |  2953 |  2304 |  2757 || 13858
       Morningstar       |       |       |   386 |   894 |       |       |       |       |       ||  1280
       Demon whip        |       |       |       |       |       |       |       |   854 |       ||   854
Invok: Heroism           |       |       |       |       |       |       |       |       |     1 ||     1
 Abil: Fly               |       |       |       |       |     1 |       |       |       |       ||     1
       Stop Flying       |       |       |       |       |       |       |       |       |     1 ||     1
  Use: Scroll            |     2 |     3 |     9 |    10 |    14 |    13 |    13 |    11 |    25 ||   100
       Potion            |       |     5 |    10 |     5 |     4 |     5 |     2 |     5 |    10 ||    46
 Stab: Invisible         |       |       |       |     4 |       |       |       |       |       ||     4
       Petrified         |       |       |       |       |       |    11 |       |       |       ||    11
       Petrifying        |       |       |       |       |       |     1 |       |     2 |       ||     3
       Confused          |       |       |       |       |       |       |       |     4 |       ||     4
       Paralysed         |       |       |       |       |       |       |       |     5 |       ||     5
       Distracted        |       |       |       |       |       |       |       |     2 |       ||     2
  Eat: Chunk             |     2 |     4 |     6 |    16 |    34 |    31 |    35 |    36 |    28 ||   192
       Meat ration       |       |       |     1 |     1 |     1 |       |       |       |       ||     3
       Royal jelly       |       |       |     1 |       |       |       |       |       |     1 ||     2
       Pizza             |       |       |       |     4 |       |       |       |     3 |       ||     7
       Fruit             |       |       |       |       |       |       |     1 |       |       ||     1
Armor: Scale mail        |    45 |    68 |   106 |       |       |       |       |       |       ||   219
       Plate armour      |       |       |   189 |   606 |   482 |       |       |       |       ||  1277
       Crystal plate arm |       |       |       |       |   729 |  2113 |  1534 |  1222 |  2096 ||  7694
Dodge: Dodged            |    22 |    32 |    71 |   130 |   308 |   630 |   695 |   638 |  1361 ||  3887
Block: Shield            |    15 |       |       |       |       |       |       |       |       ||    15
       Large shield      |    71 |   115 |   591 |  1217 |  2467 |  3534 |  3641 |  3331 |  4193 || 19160
